 Dungeon Crawl Stone Soup version 0.30.1 (webtiles) character file.

Game seed: 8982547415785860259

105 javelincjr the Digger (level 4, -4/25 HPs)
             Began as a Gargoyle Earth Elementalist on July 11, 2023.
             Slain by a gnoll
             ... wielding a +0 club
              (6 damage)
             ... on level 2 of the Dungeon.
             The game lasted 00:05:08 (1766 turns).

javelincjr the Digger (Gargoyle Earth Elementalist) Turns: 1766, Time: 00:05:09

Health: -4/25      AC:  5    Str: 11    XL:     4   Next: 83%
Magic:  1/7        EV:  6    Int: 18    God:
Gold:   89         SH:  0    Dex: 10    Spells: 7/8 levels left

rFire   . . .        j - +2 dagger (holy)
rCold   . . .        (no shield)
rNeg    + + .        a - +0 robe
rPois   ∞            (no helmet)
rElec   +            (no cloak)
rCorr   .            (no gloves)
SInv    .            (no boots)
Will    .....        (no amulet)
Stlth   ++           o - ring of positive energy
HPRegen 0.24/turn    (no ring)
MPRegen 0.10/turn

%: no passive effects
@: held
A: sickness immunity, AC +3, negative energy resistance 1, electricity
resistance, torment resistance 1, petrification resistance
a: no special abilities


You were on level 2 of the Dungeon.
You visited 1 branch of the dungeon, and saw 2 of its levels.

You collected 89 gold pieces.

Inventory:

Hand Weapons
 g - a +0 dagger
 j - a +2 dagger of holy wrath (weapon)
Armour
 a - a +0 robe (worn)
Magical Staves
 c - a staff of death
Jewellery
 o - a ring of positive energy (left hand)
Scrolls
 e - a scroll of amnesia {unknown}
 f - 2 scrolls of identify {unknown}
 i - a scroll of vulnerability {unknown}
 k - 2 scrolls of blinking {unknown}
 l - 2 scrolls of enchant weapon {unknown}
 m - a scroll of magic mapping {unknown}
Potions
 d - a potion of degeneration {unknown}
 h - a potion of mutation {unknown}
 n - a potion of heal wounds {unknown}
 p - 5 potions of curing {unknown}
 q - a potion of brilliance {unknown}


   Skills:
 + Level 1.4 Fighting
 + Level 2.1 Dodging
 + Level 3.0 Stealth
 + Level 2.5 Spellcasting
 + Level 1.6 Transmutations
 + Level 4.2 Earth Magic


You had 7 spell levels left.
You knew the following spells:

 Your Spells              Type           Power      Damage    Failure   Level
a - Sandblast             Erth           34%        2d9       3%          1

Your spell library contained the following spells:

 Spells                   Type           Power      Damage    Failure   Level
 Passwall                 Tmut/Erth      10%        N/A       8%          2
 Stone Arrow              Conj/Erth      18%        3d8       22%         3
 Ensorcelled Hibernation  Hex/Ice        4%         N/A       26%         2
 Swiftness                Air            2%         N/A       45%         3
 Petrify                  Tmut/Erth      12%        N/A       45%         4
 Manifold Assault         Tloc           2%         N/A       86%         4
 Dispersal                Tloc           1%         N/A       100%        6
 Disjunction              Tloc           1%         N/A       100%        8


Dungeon Overview and Level Annotations

Branches:
Dungeon (2/15)

Altars:


Innate Abilities, Weirdness & Mutations

You are immune to sickness and miasma.
Your stone body is resilient. (AC +3)
You are immune to poison.
You resist negative energy. (rN+)
You are resistant to electric shocks. (rElec)
You are resistant to unholy torment.
You are immune to petrification.


Message History

The blast of sand hits the gnoll!
You kill the gnoll!
The gnoll throws a throwing net.
The throwing net hits you.
You become entangled in the net!
The gnoll hits you from afar with a +0 spear!
* * * LOW HITPOINT WARNING * * *
Unknown command.
Casting: Sandblast (safe; 3% risk of failure)
Confirm with . or Enter, or press ? or * to list all spells.
Aiming: Sandblast (safe; 3% risk of failure)
Press: ? - help, Shift-Dir - straight line, f - gnoll
Aim: a gnoll, wielding a +0 spear (heavily wounded, 84% to hit)
The blast of sand hits the gnoll.
The gnoll is almost dead.
The gnoll hits you but does no damage.
Casting: Sandblast (safe; 3% risk of failure)
Confirm with . or Enter, or press ? or * to list all spells.
Aiming: Sandblast (safe; 3% risk of failure)
Press: ? - help, Shift-Dir - straight line, f/p - gnoll
Aim: a gnoll, wielding a +0 spear (almost dead, 84% to hit)
The blast of sand hits the gnoll.
You kill the gnoll!
Casting: Sandblast (safe; 3% risk of failure)
Confirm with . or Enter, or press ? or * to list all spells.
Aiming: Sandblast (safe; 3% risk of failure)
Press: ? - help, Shift-Dir - straight line, f - gnoll
Aim: a gnoll, wielding a +0 club (84% to hit)
The blast of sand hits the gnoll.
The gnoll is moderately wounded.
The gnoll hits you with a +0 club.
* * * LOW HITPOINT WARNING * * *
Casting: Sandblast (safe; 3% risk of failure)
Confirm with . or Enter, or press ? or * to list all spells.
Aiming: Sandblast (safe; 3% risk of failure)
Press: ? - help, Shift-Dir - straight line, f/p - gnoll
Aim: a gnoll, wielding a +0 club (moderately wounded, 84% to hit)
The blast of sand hits the gnoll.
The gnoll is severely wounded.
The gnoll hits you with a +0 club.
You die...

.....# # #....# #
####....## ......... .
.....g. #
####..gg####### #
........g......
###....############.##
...........).)g@.......
########.###########.##
#...### ###...#####
#........# #........#
#.......(# #........#
#........#


You could see a gnoll.

Vanquished Creatures
  3 gnolls (D:2)
  2 adders (D:2)
  3 worms (D:2)
  2 dart slugs
  A ball python (D:1)
  4 endoplasms
  2 giant cockroaches (D:1)
  5 goblins
  5 hobgoblins
  4 jackals (D:1)
  2 quokkas
  3 bats
  2 frilled lizards
  2 kobolds
  2 rats (D:1)
42 creatures vanquished.

Notes
Turn   | Place    | Note
-------+----------+-------------------------------------------
     0 | D:1      | javelincjr the Gargoyle Earth Elementalist began the quest
                  | for the Orb.
     0 | D:1      | Reached XP level 1. HP: 10/10 MP: 3/3
   190 | D:1      | Reached skill level 1 in Transmutations
   190 | D:1      | Reached XP level 2. HP: 15/15 MP: 3/5
   582 | D:1      | Reached XP level 3. HP: 20/20 MP: 4/6
  1137 | D:2      | Reached skill level 4 in Earth Magic
  1225 | D:2      | Found a faded altar of an unknown god.
  1306 | D:2      | Identified the +11 sling of Uckopus {flame, rCorr MP+9
                  | Str-3 Int+4}
  1435 | D:2      | Reached skill level 1 in Fighting
  1545 | D:2      | Reached XP level 4. HP: 18/25 MP: 2/7
  1762 | D:2      | HP: 1/25 [gnoll/+0 spear (7)]
  1766 | D:2      | Slain by a gnoll

Illustrated notes

Levels and vault maps discovered:
D:1:      erik_arrival_cave_to_civilisation [erik_arrival_cave_to_hall],
          layout_basic, chequers_serial_rivers_large_a
D:2:      layout_basic, basic_altar, hellmonk_ecumenical_altar_blasted,
          minmay_misc_feat_five

Skill      XL: |  1  2  3  4 |
---------------+-------------+-----
Transmutations | 1 |  1.6
Earth Magic    | 4 |  4.2
Dodging        | 2 |  2.1
Fighting       | 1 |  1.4
Stealth        | 3 |  3.0
Spellcasting   | |  2.5

Action                     |  1- 3 |  4- 6 || total
---------------------------+-------+-------++-------
  Melee: Unarmed           |    24 |       ||    24
         Dagger            |    35 |     4 ||    39
         Punch             |     1 |       ||     1
   Cast: Sandblast         |    43 |    22 ||    65
    Use: Potion            |       |     1 ||     1
 Armour: Robe              |    17 |     4 ||    21
  Dodge: Dodged            |    44 |    10 ||    54
